 Dungeon Crawl Stone Soup version 0.29.1-12-g30fa7ad0bf (webtiles) character file.

Game seed: 2707246359193492627

3714 sneakypete the Chopper (level 9, -4/69 HPs)
             Began as a Demonspawn Gladiator on Jan 12, 2023.
             Was a Priest of Qazlal.
             Slain by a sky beast (5 damage)
             ... on level 7 of the Dungeon.
             The game lasted 00:45:34 (8564 turns).

sneakypete the Chopper (Demonspawn Gladiator)       Turns: 8564, Time: 00:45:37

Health: -4/69      AC: 11    Str: 19    XL:     9   Next: 91%
Magic:  0/9        EV: 13    Int: 12    God:    Qazlal [***...]
Gold:   349        SH:  4    Dex: 14    Spells: 8/8 levels left

rFire   . . .      SeeInvis .   G - +2 trident of Diruwkuddu {speed, Int+2}
rCold   . . .      Faith    .   (no shield)
rNeg    . . .      Spirit   +   x - +0 scale mail
rPois   .          Reflect  .   c - +0 helmet
rElec   .          Harm     .   (no cloak)
rCorr   .          Rampage  .   h - +0 pair of gloves
Will    .....                   N - +0 pair of boots
Stlth   +.........              o - amulet of guardian spirit
HPRegen 0.21/turn               (no ring)
MPRegen 0.22/turn               (no ring)

@: no status effects
A: hooves 2, spiny 1, magic regeneration, sturdy frame 2
a: Renounce Religion, Upheaval, Elemental Force


You were on level 7 of the Dungeon.
You worshipped Qazlal.
Qazlal was most pleased with you.
You visited 1 branch of the dungeon, and saw 7 of its levels.

You collected 349 gold pieces.

Inventory:

Hand Weapons
 a - a +0 war axe
 s - a +0 arbalest
 G - the +2 trident of Diruwkuddu (weapon) {speed, Int+2}
   (You found it on level 5 of the Dungeon)

   Attacks with this weapon are significantly faster.
   Int:       It affects your intelligence (+2).
 H - a +3 rapier of protection
 J - a +0 shortbow
 Q - a +1 mace of draining
Missiles
 d - 3 throwing nets (quivered)
 e - 4 javelins
Armour
 b - a +0 leather armour
 c - a +0 helmet (worn)
 h - a +0 pair of gloves (worn)
 w - a +0 ring mail
 x - a +0 scale mail (worn)
 B - the +1 robe of the Catamount {rElec rN+ rCorr Dex+3}
   (You found it on level 4 of the Dungeon)

   Dex:       It affects your dexterity (+3).
   rElec:     It insulates you from electricity.
   rN:        It protects you from negative energy.
   rCorr:     It protects you from acid and corrosion.
 C - a +0 leather armour of cold resistance
 I - a +0 helmet
 N - a +0 pair of boots (worn)
Jewellery
 o - an amulet of guardian spirit (around neck)
 E - an amulet of regeneration
 L - an amulet of magic regeneration
 P - an amulet of regeneration
 R - a ring of flight
Wands
 F - a wand of roots (8)
Scrolls
 f - 3 scrolls of teleportation {unknown}
 g - 6 scrolls of identify {unknown}
 i - a scroll of poison {unknown}
 j - 2 scrolls of enchant armour {unknown}
 k - a scroll of amnesia {unknown}
 n - a scroll of butterflies {unknown}
 p - 2 scrolls of magic mapping {unknown}
 r - 2 scrolls of brand weapon {unknown}
 v - 3 scrolls of fear {unknown}
 y - a scroll of enchant weapon {unknown}
Potions
 l - a potion of attraction {unknown}
 m - 2 potions of brilliance {unknown}
 q - 2 potions of might {unknown}
 t - a potion of magic
 u - 3 potions of ambrosia
 z - a potion of degeneration {unknown}
 A - a potion of haste {unknown}
 D - a potion of cancellation {unknown}
 K - a potion of curing {unknown}
 M - 2 potions of berserk rage {unknown}
 O - a potion of mutation {unknown}


   Skills:
 + Level 5.9 Fighting
 + Level 7.9(8.4) Axes
 + Level 4.3(6.7) Polearms
 + Level 1.7 Throwing
 + Level 6.2 Armour
 + Level 4.7 Dodging
 + Level 1.8 Stealth
 + Level 2.4 Shields


You had 8 spell levels left.
You didn't know any spells.
Your spell library contained the following spells:

 Spells                   Type           Power      Damage    Failure   Level
 Apportation              Tloc           0%         N/A       43%         1
 Beastly Appendage        Tmut           0%         N/A       43%         1
 Magic Dart               Conj           0%         1d3       43%         1
 Slow                     Hex            0%         N/A       43%         1
 Call Imp                 Summ           0%         N/A       56%         2
 Wereblood                Tmut           0%         N/A       56%         2
 Confusing Touch          Hex            0%         N/A       80%         3
 Gell's Gravitas          Tloc           0%         N/A       80%         3
 Lesser Beckoning         Tloc           0%         N/A       80%         3
 Mephitic Cloud           Conj/Pois/Air  0%         N/A       80%         3
 Spider Form              Tmut/Pois      0%         N/A       80%         3
 Teleport Other           Tloc           0%         N/A       80%         3
 Vampiric Draining        Necr           0%         2d6       80%         3
 Alistair's Intoxication  Tmut/Pois      0%         N/A       100%        5
 Blade Hands              Tmut           0%         N/A       100%        5
 Irradiate                Conj/Tmut      0%         3d11      100%        5
 Dispersal                Tloc           0%         N/A       100%        6
 Dragon Form              Tmut           0%         N/A       100%        7


Dungeon Overview and Level Annotations

Branches:
Dungeon (7/15)             Temple (0/1) D:4

Altars:
Qazlal
Xom

Shops:
D:5 :   D:6 =


Innate Abilities, Weirdness & Mutations

You have hoof-like feet.
You are partially covered in sharp spines.
You regenerate magic rapidly.
Your movements are less encumbered by armour. (ER -4)


Message History

The sky beast attacks as you move away! The sky beast is struck by your spines.
The sky beast hits you but does no damage.
You puncture the withered plant!
The withered plant begins to crumble.
The withered plant is lightly damaged.
The sky beast hits you. The sky beast shocks you.
You hit the withered plant but do no damage.
The withered plant is lightly damaged.
The sky beast hits you but does no damage.
The sky beast attacks as you move away! You block the sky beast's attack.
The sky beast flickers out of sight!
Deactivating autopickup; reactivate with Ctrl-A.
You block the orc's attack.
You enter the shallow water.
Moving in this stuff is going to be slow.
The withered plant crumbles away.
Something hits you.
* * * LOW HITPOINT WARNING * * *
Something shocks you.
* * * LOW HITPOINT WARNING * * *
Something hits you but does no damage. The orc closely misses you.
Something hits you.
* * * LOW HITPOINT WARNING * * *
Something shocks you.
* * * LOW HITPOINT WARNING * * *
The orc attacks as you move away! The orc is struck by your spines.
The orc hits you with a +2 flail of holy wrath!
* * * LOW HITPOINT WARNING * * *
You convulse.
* * * LOW HITPOINT WARNING * * *
You enter the shallow water.
Moving in this stuff is going to be slow.
A sky beast appears from thin air!
Reactivating autopickup.
The sky beast hits you but does no damage.
The orc attacks as you move away! The orc barely misses you.
The sky beast flickers out of sight!
Deactivating autopickup; reactivate with Ctrl-A.
Something hits you.
* * * LOW HITPOINT WARNING * * *
Something shocks you.
You die...

.........# ...
.....##..##### ....
..####.......##........
...#...............8......
......#.o##..#.##..... #..
..........##.####.... #..
##....~oo.#...# #..## #..
##.~~~{o~##.### #...# #..
##..≈~~~@.....###...###..
.....~~~≈P))).....)......#
#.##..P).))....<..........
....#.#.).)........)......
.........................
#.....#####.............<
...... #..............
###... #.............. #..
#..#............


You could see an orc warrior and 3 orcs.

Vanquished Creatures
  A two-headed ogre (D:6)
  A kobold demonologist (D:6)
  Grinder (D:3)
  Eustachio (D:5)
  A wyvern (D:7)
  The ghost of GloriousHammer the Carver, an amateur GnWn (D:4)
  Menkaure (D:5)
  Duvessa (D:4)
  3 ice beasts
  A black bear (D:6)
  An ogre (D:4)
  A centaur (D:6)
  Blork the orc (D:5)
  A kobold brigand (D:7)
  3 bullfrogs
  2 necrophages
  4 scorpions
  A wyvern zombie (D:7)
  3 wights (D:7)
  Dowan (D:4)
  A jelly (D:6)
  A bullfrog zombie (D:7)
  3 hounds
  2 orc priests (D:4)
  4 iguanas
  4 orc wizards (D:4)
  A howler monkey zombie (D:7)
  4 gnolls (D:4)
  2 adders (D:4)
  2 white imps (D:5)
  An ufetubus (D:6)
  2 worms
  A dart slug (D:1)
  20 orcs
  4 ball pythons
  8 endoplasms
  A giant cockroach (D:4)
  8 goblins
  3 hobgoblins
  4 jackals
  4 quokkas
  3 bats
  4 frilled lizards
  10 kobolds
  A rat (D:1)
128 creatures vanquished.

Vanquished Creatures (others)
  6 plants (D:4)
  A withered plant (D:7)
7 creatures vanquished.

Grand Total: 135 creatures vanquished

Notes
Turn   | Place    | Note
-------+----------+-------------------------------------------
     0 | D:1      | sneakypete the Demonspawn Gladiator began the quest for the
                  | Orb.
     0 | D:1      | Reached XP level 1. HP: 16/16 MP: 1/1
   171 | D:1      | Gained mutation: You are partially covered in sharp spines.
                  | [demonic ancestry]
   171 | D:1      | Reached XP level 2. HP: 17/22 MP: 2/2
   884 | D:1      | Reached skill level 3 in Axes
  2014 | D:2      | Gained mutation: You regenerate magic rapidly. [demonic
                  | ancestry]
  2014 | D:2      | Reached XP level 3. HP: 27/27 MP: 3/3
  2948 | D:3      | Found a faded altar of an unknown god.
  2963 | D:3      | Prayed at the altar of an unknown god.
  2963 | D:3      | Became a worshipper of Qazlal Stormbringer
  2963 | D:3      | Reached * piety under Qazlal
  3107 | D:3      | Noticed Grinder
  3114 | D:3      | Paralysed by Grinder for 4 turns
  3128 | D:3      | Killed Grinder
  3129 | D:3      | Reached skill level 4 in Axes
  3129 | D:3      | Gained mutation: Your movements are slightly less
                  | encumbered by armour. (ER -2) [demonic ancestry]
  3129 | D:3      | Reached XP level 4. HP: 11/34 MP: 2/4
  3129 | D:3      | Gained mutation: You have large cloven feet. [demonic
                  | ancestry]
  3129 | D:3      | Reached XP level 5. HP: 13/40 MP: 2/5
  3458 | D:4      | Reached XP level 6. HP: 38/47 MP: 4/6
  4056 | D:4      | Identified the +1 robe of the Catamount {rElec rN+ rCorr
                  | Dex+3}
  4105 | D:4      | Noticed Duvessa
  4120 | D:4      | Killed Duvessa
  4121 | D:4      | Reached skill level 5 in Axes
  4140 | D:4      | Noticed Dowan
  4148 | D:4      | HP: 2/47 [Dowan/shard of ice (13)]
  4150 | D:4      | Killed Dowan
  4154 | D:4      | Reached ** piety under Qazlal
  4335 | D:4      | Found a staircase to the Ecumenical Temple.
  4568 | D:4      | Noticed GloriousHammer's ghost (amateur GnWn)
  4570 | D:4      | Found a transporter.
  4570 | D:4      | Noticed an ice beast
  4679 | D:4      | Gained mutation: You have hoof-like feet. [demonic
                  | ancestry]
  4679 | D:4      | Reached XP level 7. HP: 21/52 MP: 3/7
  4923 | D:4      | Found a transporter.
  4964 | D:4      | Killed GloriousHammer's ghost
  4968 | D:4      | Reached skill level 6 in Axes
  5897 | D:5      | Entered Level 5 of the Dungeon
  5999 | D:5      | Found Logichyu's Book Shop.
  6043 | D:5      | Noticed Menkaure
  6049 | D:5      | Killed Menkaure
  6050 | D:5      | Reached XP level 8. HP: 37/60 MP: 5/8
  6226 | D:5      | Reached skill level 1 in Stealth
  6226 | D:5      | Reached skill level 1 in Shields
  6611 | D:5      | Noticed Blork the orc
  6621 | D:5      | Killed Blork the orc
  6707 | D:5      | Identified the +2 trident of Diruwkuddu {speed, Int+2}
  6739 | D:5      | Noticed Eustachio
  6763 | D:5      | Killed Eustachio
  6764 | D:5      | Reached skill level 7 in Axes
  6764 | D:5      | Reached skill level 5 in Armour
  7276 | D:6      | Noticed a two-headed ogre
  7276 | D:6      | Noticed a kobold demonologist
  7286 | D:6      | Killed a two-headed ogre
  7287 | D:6      | Reached skill level 5 in Fighting
  7287 | D:6      | Reached skill level 1 in Polearms
  7287 | D:6      | Gained mutation: Your movements are less encumbered by
                  | armour. (ER -4) [demonic ancestry]
  7287 | D:6      | Reached XP level 9. HP: 59/68 MP: 7/9
  7292 | D:6      | Killed a kobold demonologist
  7539 | D:6      | Found a shimmering altar of Xom.
  7746 | D:6      | Reached *** piety under Qazlal
  7874 | D:6      | Found Zuerph's Jewellery Emporium.
  8563 | D:7      | HP: 2/69 [orc/+2 flail of holy wrath (5)]
  8564 | D:7      | Slain by a sky beast

Illustrated notes

Levels and vault maps discovered:
D:1:      lemuel_arrival_rhombus, layout_basic
D:2:      layout_basic, nicolae_hexahallways
D:3:      layout_basic, hellmonk_ecumenical_altar_inner_sanctum, uniq_grinder
D:4:      layout_gridville, minmay_temple_entry_antechambers, serial_forest,
          infiniplex_forest_zigzag_2, infiniplex_forest_clump_medium,
          infiniplex_forest_straight_4, infiniplex_forest_clump_small,
          infiniplex_forest_clump_small, infiniplex_forest_clump_medium,
          infiniplex_forest_lined_room_3, infiniplex_forest_straight_2,
          gammafunk_ghost_arena, uniq_duvessa
D:5:      layout_loops_cross, serial_shops, shop, uniq_menkaure,
          uniq_blork_the_orc, uniq_eustachio
D:6:      layout_basic, kennysheep_little_box, minmay_shop_enchanted_jewellery,
          minmay_small_thing
D:7:      layout_cave_pools, serial_undead, serial_undead_a, serial_undead_f,
          serial_undead_d, serial_undead_e, enter_ossuary_1,
          hellmonk_guarded_unrand_lears

Skill      XL: |  1  2  3  4  5  6  7  8  9 |
---------------+----------------------------+-----
Dodging        | 3 4 |  4.7
Axes           | 3 4 5 6 7 |  7.9
Armour         | 2 4 5 6 |  6.2
Fighting       | 3 4 5 |  5.9
Stealth        | 1 |  1.8
Shields        | 1 2 |  2.4
Polearms       | 1 4 |  4.3
Throwing       | |  1.7

Action                   |  1- 3 |  4- 6 |  7- 9 || total
-------------------------+-------+-------+-------++-------
Melee: War axe           |    71 |    75 |    79 ||   225
       Kick              |       |    20 |    51 ||    71
       Punch             |       |       |     4 ||     4
       Trident           |       |       |   143 ||   143
  Use: Potion            |       |     2 |     2 ||     4
Armor: Leather armour    |    27 |       |       ||    27
       Ring mail         |       |     4 |       ||     4
       Scale mail        |       |    20 |    84 ||   104
Dodge: Dodged            |    48 |    28 |   135 ||   211
Block: Other             |       |     5 |    31 ||    36
